Description

Game 1 vs Cure - GSL Season 1 Code S Semi-Finals

VOD

https://youtu.be/KjmOeZVSrW8?t=2771

Build Order

Get SALT Encoding   

  14  0:20  Supply Depot  Main ramp.
  16  0:45  Barracks  Main ramp.
  16  0:46  Refinery  
  19  1:30  Orbital Command, Reaper  
  20  1:45  Command Center  
  20  1:50  Supply Depot  Main ramp.
  22  2:00  Marine  
  23  2:10  Factory  Near Barracks.
  25  2:25  Marine  
  26  2:40  Barracks Reactor  
  27  2:50  Command Center  
  28  2:58  Orbital Command  
  28  3:00  Hellion  
  31  3:10  Starport  
  32  3:20  Marine x2, Refinery  Continuous
  34  3:21  Factory Tech Lab  
  40  3:45  Refinery  
  42  3:55  Cyclone  
  47  4:00  Orbital Command  
  49  4:10  Viking  
Spawning Tool Build Advisor. Get it on Overwolf

Analysis

TY opens with a reaper fe into a very fast 3rd CC after factory. He plays defensively with a cyclone/viking combo to defend early harassment as well as marine/hellion to defend against any reaper/hellion pressure.

Go to:

Details

  • Created by: Rayvenx     
  • Published on: May 14, 2016
  • Modified on: May 14, 2016
  • Patch: Pre-3.8.0
Show
View Real Time Build Order
Export as new Build Order

Comments (0)

There are no comments. Be the first!

Create an account to comment!